 Dungeon Crawl Stone Soup version 0.27-a0-1416-g941b2bd30b (webtiles) character file.

Game seed: 7366903594383462985

153 Brandom the Insei (level 5, -3/35 HPs)
             Began as an Octopode Transmuter on July 1, 2021.
             Was a Believer of Qazlal.
             Slain by Sigmund (10 damage)
             ... on level 3 of the Dungeon.
             The game lasted 00:06:17 (2486 turns).

Brandom the Insei (Octopode Transmuter)             Turns: 2486, Time: 00:06:17

Health: -3/35      AC:  2    Str: 10    XL:     5   Next: 35%
Magic:  6/8        EV: 19    Int: 16    God:    Qazlal [**....]
Gold:   125        SH:  3    Dex: 17    Spells: 5/9 levels left

rFire    . . .     SeeInvis .     - Unarmed
rCold    . . .     Faith    .   (shield currently unavailable)
rNeg     . . .     Spirit   .   (helmet currently unavailable)
rPois    x         Reflect  .   (no amulet)
rElec    .         Harm     .   (no ring)
rCorr    .         Rampage  .   (no ring)
Will     .....                  (no ring)
Stlth    +.........             (no ring)
HPRegen  0.11/turn              (no ring)
MPRegen  0.11/turn              (no ring)
                                (no ring)
                                (no ring)

@: spider-form (expiring)
A: venomous fangs, almost no armour, (amphibious), 8 rings, tiny, (camouflage
1), (gelatinous body 1), (nimble swimmer 1), (tentacles)
a: End Transformation, Renounce Religion, Upheaval


You were on level 3 of the Dungeon.
You worshipped Qazlal.
Qazlal was pleased with you.
You were a venomous arachnid creature.
You visited 1 branch of the dungeon, and saw 3 of its levels.

You collected 125 gold pieces.

Inventory:

Missiles
 a - 7 silver javelins
Scrolls
 b - a scroll of teleportation {@r4}
 c - a scroll of enchant armour {unknown}
 e - a scroll of vulnerability {unknown}
 f - a scroll of magic mapping {unknown}
Potions
 d - a potion of heal wounds {unknown}
 g - a potion of haste {@q3}
 h - a potion of flight {unknown}


   Skills:
 * Level 2.7 Fighting
 + Level 2.5 Dodging
 + Level 3.5 Unarmed Combat
 + Level 2.5 Spellcasting
 + Level 2.6 Transmutations
 + Level 1.1 Poison Magic
 + Level 1.4 Invocations


You had 5 spell levels left.
You knew the following spells:

 Your Spells              Type           Power      Damage    Failure   Level
a - Beastly Appendage     Tmut           20%        N/A       19%         1
x - Spider Form           Tmut/Pois      4%         N/A       47%         3

Your spell library contained the following spells:

 Spells                   Type           Power      Damage    Failure   Level
 Wereblood                Tmut           10%        N/A       24%         2
 Foxfire                  Conj/Fire      8%         2x1d4     41%         1
 Corpse Rot               Necr/Air       N/A        N/A       52%         2
 Conjure Flame            Conj/Fire      2%         6-21      73%         3
 Inner Flame              Hex/Fire       2%         N/A       73%         3
 Ice Form                 Ice/Tmut       6%         N/A       89%         4
 Dispel Undead            Necr           2%         3d7       97%         4
 Death Channel            Necr           1%         N/A       100%        6


Dungeon Overview and Level Annotations

Branches:
Dungeon (3/15)

Altars:
Qazlal
The Shining One

Annotations:
D:3 Sigmund


Innate Abilities, Weirdness & Mutations

You are a venomous arachnid creature.
You have poisonous fangs.
You are tiny and dextrous.
Your spellcasting is less reliable in this form.
Your armour is entirely melded.
You are incapable of wielding weapons or throwing items.
You cannot wear most types of armour.
((You are amphibious.))
You can wear up to eight rings at the same time.
((Your skin changes colour to match your surroundings (Stealth+).))
((Your rubbery body absorbs attacks. (AC +1, EV +1)))
((You are camouflaged near water. (Stealth+)))
((You have tentacles for arms and can constrict up to eight enemies at once.))


Message History

No target in view!
Your transformation is almost over.
Your tentacle spike disappears.
Things that are here:
a +0 trident; an orc corpse
Found an escape hatch in the ceiling.
You see here 11 arrows.
You see here 11 arrows.
Sigmund shouts!
Sigmund drinks a potion.
Sigmund seems to speed up.
There is an open door here.
Sigmund is nearby!
Okay, then.
You don't know that spell.
The spell is quite dangerous to cast (26% risk of failure)!
Continue anyway?
You turn into a venomous arachnid creature.
Sigmund mumbles some strange words.
Sigmund flickers and vanishes!
Deactivating autopickup; reactivate with Ctrl-A.
Something hits you. Something hits you.
Unknown command.
You hit something. Something barely misses you. Something hits you.
You barely miss something. Something hits you.
You hit something but do no damage. Something closely misses you.
Something hits you!
* * * LOW HITPOINT WARNING * * *
Unknown command.
Unknown command.
You barely miss something. Something closely misses you.
Unknown command.
You hit something. Something barely misses you.
You barely miss something. Something barely misses you. Something hits you.
* * * LOW HITPOINT WARNING * * *
You barely miss something. Something completely misses you.
You hit something but do no damage.
You hear some strange, mumbled words.
A puff of flame appears from out of thin air!
The puff of flame misses you.
You hit something but do no damage.
Your transformation is almost over.
Something closely misses you.
You hear some strange, mumbled words.
Something tries to affect you, but you resist.
You barely miss something. Something hits you!
You die...

# #####...........###.##..... #
..................# .... #
..............###.# ... #
......#.####### .... ...
###############.#######.#.####. .
...............<........#.....# .
........................#..##.# .
................§☼......#..##.##.
................s{......#..##....
#############'#######...#..#.....
....................#............
.............)..(...#............
..###########'###._.#............
..#..........)..#...#...#..#.....
..#.............#.<.#...#..######
..#........)....#...#...#..######
..#......)......#...#..†#........


There were no monsters in sight!

Vanquished Creatures
  An orc priest (D:3)
  An orc wizard (D:3)
  2 adders (D:2)
  4 dart slugs
  A worm (D:2)
  6 orcs (D:3)
  2 bats
  2 endoplasms (D:2)
  2 giant cockroaches
  3 goblins (D:2)
  5 hobgoblins
  7 jackals (D:2)
  2 quokkas (D:2)
  6 ball pythons
  8 frilled lizards
  6 kobolds
  7 rats
65 creatures vanquished.

Notes
Turn   | Place    | Note
-------+----------+-------------------------------------------
     0 | D:1      | Brandom the Octopode Transmuter began the quest for the
                  | Orb.
     0 | D:1      | Reached XP level 1. HP: 13/13 MP: 3/3
    74 | D:1      | Found a faded altar of an unknown god.
    82 | D:1      | Became a worshipper of Qazlal Stormbringer
    82 | D:1      | Reached * piety under Qazlal
   222 | D:1      | Reached XP level 2. HP: 5/18 MP: 5/5
   673 | D:1      | Reached XP level 3. HP: 23/24 MP: 6/6
   843 | D:2      | Reached ** piety under Qazlal
  1069 | D:2      | Learned a level 3 spell: Spider Form
  1262 | D:2      | Reached XP level 4. HP: 29/29 MP: 7/7
  1321 | D:2      | Reached skill level 1 in Invocations
  2039 | D:3      | Noticed Sigmund
  2129 | D:3      | Found a glowing golden altar of the Shining One.
  2349 | D:3      | Reached skill level 1 in Poison Magic
  2349 | D:3      | Reached XP level 5. HP: 32/35 MP: 6/8
  2486 | D:3      | Slain by Sigmund

Illustrated notes

Levels and vault maps discovered:
D:1:      dpeg_arrival_rooms_c, layout_rooms, shapermc_ecumenical_altar_gd
D:2:      layout_loops_corners, minmay_heptomino_l4
D:3:      layout_basic, overflow_temple_1_default, uniq_sigmund

Skill      XL: |  1  2  3  4 |
---------------+-------------+-----
Fighting       | 2 |  2.7
Invocations    | 1 |  1.4
Poison Magic   | 1 |  1.1
Dodging        | |  2.5
Unarmed Combat | |  3.5
Spellcasting   | |  2.5
Transmutations | |  2.6

Action                   |  1- 3 |  4- 6 || total
-------------------------+-------+-------++-------
Melee: Unarmed           |    85 |    52 ||   137
       Constrict         |    21 |    14 ||    35
       Tentacles         |    14 |    13 ||    27
       Punch             |     2 |       ||     2
       Kick              |       |     5 ||     5
 Cast: Beastly Appendage |     2 |     3 ||     5
       Spider Form       |       |     1 ||     1
  Use: Scroll            |       |     1 ||     1
 Stab: Sleeping          |     2 |       ||     2
Armor: Skin              |     6 |       ||     6
Dodge: Dodged            |    60 |    28 ||    88
Block: Other             |     6 |     1 ||     7

Table legend: (Time is in decaauts)
 A = Elapsed time spent in this place.
 B = Non-inter-level travel time spent in this place.
 C = Inter-level travel time spent in this place.
 D = Time resting spent in this place.
 E = Time spent auto-exploring this place.
 F = Levels seen in this place.
 G = Mean time per level.
                   A        B        C        D        E       F      G
               +--------+--------+--------+--------+--------+-----+--------+
         Total |   2479 |   2370 |    109 |    122 |   1824 |   3 |  826.3 |
       Dungeon |   2479 |   2370 |    109 |    122 |   1824 |   3 |  826.3 |
               +--------+--------+--------+--------+--------+-----+--------+

Top non-repeatable levels by time:
     D:2: 1204 daAuts
     D:1: 812 daAuts
     D:3: 462 daAuts
